 Dungeon Crawl Stone Soup version 0.31-a0-859-g9dce7d3444 (webtiles) character file.

Game seed: 13719260590291769963

331 lunkers the Insei (level 7, -2/78 HPs)
             Began as a Meteoran Shapeshifter on Oct 9, 2023.
             Slain by a hornet (11 damage)
             ... on level 5 of the Dungeon.
             The game lasted 00:03:35 (1107 turns).

lunkers the Insei (Meteoran Shapeshifter)           Turns: 1107, Time: 00:03:36

Health: -2/78      AC: 23    Str: 15    XL:     7   Next: 9%
Magic:  8/8        EV:  2    Int: 12    God:
Gold:   76         SH:  0    Dex: 16    Spells: 6/6 levels left

rFire   . .          .
                       - Unarmed
rCold   . . .        (no shield)
rNeg    . . .        h - melded +0 ring mail
rPois   +            (helmet currently unavailable)
rElec   .            (cloak currently unavailable)
rCorr   .            (gloves currently unavailable)
SInv    .            (boots currently unavailable)
Will    .....        (no amulet)
Stlth   +            (no ring)
HPRegen 0.33/turn    (no ring)
MPRegen 0.11/turn

%: no passive effects
@: tree-form, slowed, glowing, very slow
A: stationary, stasis, torment immunity, boosted hp, sense surroundings 1,
otherworldly, glowing, explore regen
a: no special abilities


You were on level 5 of the Dungeon.
You were a tree.
You visited 1 branch of the dungeon, and saw 5 of its levels.

You collected 76 gold pieces.

Inventory:

Armour
 a - a +0 animal skin
 h - a +0 ring mail (melded)
Jewellery
 o - a ring of flight
Talismans
 c - a beast talisman
 d - a flux talisman
Scrolls
 f - a scroll of teleportation {unknown}
 g - 3 scrolls of identify {unknown}
 k - a scroll of enchant armour {unknown}
 l - 2 scrolls of fear {unknown}
 m - a scroll of acquirement {unknown}
 n - a scroll of silence {unknown}
 p - a scroll of fog {unknown}
Potions
 e - a potion of attraction {unknown}
 i - 3 potions of heal wounds {unknown}
 j - a potion of resistance {unknown}


   Skills:
 - Level 1.1 Fighting
 - Level 2.1 Dodging
 * Level 7.2 Unarmed Combat
 + Level 5.4 Shapeshifting


You had 6 spell levels left.
You didn't know any spells.
Your spell library contained the following spells:

 Spells                   Type           Power      Damage    Failure   Level
 Summon Small Mammal      Summ           0%         N/A       32%         1
 Blink                    Tloc           0%         N/A       45%         2
 Lesser Beckoning         Tloc           0%         N/A       45%         2
 Momentum Strike          Conj/Tloc      0%         3d8       45%         2
 Call Canine Familiar     Summ           0%         N/A       69%         3
 Summon Guardian Golem    Hex/Summ       0%         N/A       69%         3


Dungeon Overview and Level Annotations

Branches:
Dungeon (5/15) Zot: 1906
 Temple: D:4-7

Altars:

Shops:
D:4 [(*


Innate Abilities, Weirdness & Mutations

You are a tree.
Your roots penetrate the ground, keeping you stationary.
You cannot be teleported.
You are immune to unholy pain and torment.
Your maximum health is greatly increased.
Your equipment is partially melded.
You passively map a small area around you.
You are easily found by Zot.
You glow in the dark.
You regain HP and MP as you explore.


Message History

Your roots penetrate the ground.
You feel yourself speed up. The hornet stings you!
* * * LOW HITPOINT WARNING * * *
The howler monkey hits you but does no damage.
The hornet stings you but does no damage.
The howler monkey completely misses you.
The hornet stings you but does no damage.
You miss the hornet.
The hornet is heavily wounded.
The orc barely misses you. The orc hits you but does no damage.
The howler monkey hits you but does no damage.
The hornet stings you but does no damage.
Unknown command.
You miss the hornet.
The hornet is heavily wounded.
The orc barely misses you. The orc hits you but does no damage.
The hornet stings you.
* * * LOW HITPOINT WARNING * * *
The howler monkey hoots and howls with incredible vigour!
You hear a shout! x2
You hit the hornet but do no damage.
The hornet is heavily wounded.
The hornet stings you!
* * * LOW HITPOINT WARNING * * *
You feel yourself slow down.
The howler monkey hits you but does no damage.
The orc barely misses you. The orc hits you but does no damage.
The hornet stings you but does no damage.
You smack the hornet!
The hornet is almost dead.
The howler monkey hits you but does no damage.
The hornet stings you but does no damage.
The orc hits you but does no damage.
The howler monkey hits you but does no damage.
Unknown command.
You closely miss the hornet.
The hornet is almost dead.
The hornet stings you!
You die...

.##.. #.#..# ,
<.....##.#..###
#.)..........# *
,
8....###<#..#.#**
* .#. #)#..#.##.
, #....?.... ,
##......... * , *
#....##.#.#*
#♣o### #
......yoh# ,
.....<.o.#
.#.####.## * # *
#.# * *, ,... , *
* * #.. , , , *
##. , * *


You could see a hornet, a howler monkey and 3 orcs.

Vanquished Creatures
  A black bear (D:5)
  A scorpion (D:4)
  A jelly (D:4)
  2 orc wizards (D:4)
  Natasha (D:2)
  2 adders (D:4)
  A dart slug (D:2)
  9 orcs
  2 bats (D:2)
  3 endoplasms
  2 giant cockroaches
  3 goblins
  5 hobgoblins
  3 jackals (D:2)
  4 quokkas
  3 ball pythons
  4 kobolds
  4 rats
51 creatures vanquished.

Notes
Turn   | Place    | Note
-------+----------+-------------------------------------------
     0 | D:1      | lunkers the Meteoran Shapeshifter began the quest for the
                  | Orb.
     0 | D:1      | Reached XP level 1. HP: 16/16 MP: 2/2
   137 | D:1      | Reached XP level 2. HP: 17/23 MP: 3/3
   143 | D:1      | Reached skill level 4 in Unarmed Combat
   200 | D:2      | Noticed Natasha
   206 | D:2      | Killed Natasha
   207 | D:2      | Reached XP level 3. HP: 15/28 MP: 4/4
   367 | D:2      | Reached XP level 4. HP: 35/35 MP: 5/5
   432 | D:2      | Reached skill level 5 in Unarmed Combat
   756 | D:4      | Found Huxyfume's Weapon Emporium.
   784 | D:4      | Noticed a scorpion
   795 | D:4      | Killed a scorpion
   796 | D:4      | Reached skill level 6 in Unarmed Combat
   796 | D:4      | Reached XP level 5. HP: 30/40 MP: 6/6
   802 | D:4      | Found Kitaat Fasargh's Assorted Antiques.
   954 | D:4      | Found Wowe's Armour Emporium.
   970 | D:4      | Reached XP level 6. HP: 16/47 MP: 7/7
  1021 | D:4      | Reached skill level 5 in Shapeshifting
  1079 | D:5      | Entered Level 5 of the Dungeon
  1079 | D:5      | Noticed a black bear
  1089 | D:5      | Killed a black bear
  1090 | D:5      | Reached skill level 7 in Unarmed Combat
  1090 | D:5      | Reached XP level 7. HP: 36/52 MP: 8/8
  1097 | D:5      | Noticed a hornet
  1107 | D:5      | Slain by a hornet

Illustrated notes

Levels and vault maps discovered:
D:1:      evilmike_arrival_crescent, layout_loops_corners, serial_shops,
          nicolae_shop_peninsula, nicolae_houndstooth_variations
D:2:      layout_loops_cross, minmay_tetromino_o4, uniq_natasha
D:3:      layout_basic, basic_ecumenical_altar
D:4:      layout_cave_pools, nicolae_ru_path_of_blood, serial_shops, shop,
          nicolae_shop_hallway_plus, shop, minmay_vboxes
D:5:      layout_loops_ring, minmay_temple_entry_ruins, serial_shops,
          shop_statue, nicolae_figureground_sparkle

Skill      XL: |  1  2  3  4  5  6 |
---------------+-------------------+-----
Unarmed Combat | 4 6 7 |  7.2
Shapeshifting  | 4 5 |  5.4
Fighting       | |  1.1
Dodging        | |  2.1

Action                     |  1- 3 |  4- 6 |  7- 9 || total
---------------------------+-------+-------+-------++-------
  Melee: Unarmed           |    32 |   114 |    10 ||   156
         Punch             |       |     3 |       ||     3
    Use: Potion            |       |       |     1 ||     1
 Armour: Animal skin       |    11 |    18 |       ||    29
         Ring mail         |       |    43 |     7 ||    50
         Skin              |       |       |    18 ||    18
  Dodge: Dodged            |    16 |    65 |     7 ||    88

Table legend: (Time is in decaauts)
 A = Elapsed time spent in this place.
 B = Non-inter-level travel time spent in this place.
 C = Inter-level travel time spent in this place.
 D = Time resting spent in this place.
 E = Time spent auto-exploring this place.
 F = Levels seen in this place.
 G = Mean time per level.
                   A        B        C        D        E       F      G
               +--------+--------+--------+--------+--------+-----+--------+
         Total |   1092 |   1089 |      3 |      0 |    665 |   5 |  218.4 |
       Dungeon |   1092 |   1089 |      3 |      0 |    665 |   5 |  218.4 |
               +--------+--------+--------+--------+--------+-----+--------+

Top non-repeatable levels by time:
     D:2: 358 daAuts
     D:4: 301 daAuts
     D:3: 258 daAuts
     D:1: 147 daAuts
     D:5: 26 daAuts
